 Dungeon Crawl Stone Soup version 0.25.1-2-g60ff931df9 (webtiles) character file.

Game seed: 3902922434029736896

53 DoubleLucky the Grave Robber (level 3, 0/16 HPs)
             Began as a Vampire Necromancer on Sept 27, 2020.
             Killed from afar by Sigmund (6 damage)
             ... with a puff of flame
             ... on level 2 of the Dungeon on Sept 28, 2020.
             The game lasted 00:21:58 (1984 turns).

DoubleLucky the Grave Robber (Vampire Necromancer)  Turns: 1984, Time: 00:21:59

Health: 0/16       AC:  2    Str:  5 (7)  XL:     3   Next: 64%
Magic:  0/6        EV: 13    Int: 15 (17) God:
Gold:   68         SH:  0    Dex: 13 (15) Spells: 4/6 levels left

rFire    . . .     SeeInvis +   b - +0 dagger
rCold    + + .     Gourm    .   (no shield)
rNeg     + + +     Faith    .   a - +0 robe
rPois    ∞         Spirit   +   (no helmet)
rElec    .         Reflect  .   (no cloak)
rCorr    .         Harm     .   (no gloves)
MR       .....                  (no boots)
Stlth    +++++.....             d - amulet of guardian spirit
HPRegen  0.00/turn              (no ring)
MPRegen  0.10/turn              (no ring)

@: bloodless
A: no food, fangs 3, see invisible, [frail 1], unbreathing
a: Bat Form, Revivify


You were on level 2 of the Dungeon.
You were bloodless.

You visited 1 branch of the dungeon, and saw 2 of its levels.

You collected 68 gold pieces.

Inventory:

Hand Weapons
 b - a +0 dagger (weapon)
Missiles
 e - 7 poisoned darts (quivered)
Armour
 a - a +0 robe (worn)
Jewellery
 d - an amulet of guardian spirit (around neck)
 l - a cursed ring of teleportation {unknown}
Scrolls
 f - a scroll of remove curse {unknown}
 h - a scroll of fear {unknown}
 i - a scroll of identify {unknown}
 j - a scroll of blinking {unknown}
 m - a scroll of teleportation {unknown}
Potions
 c - a potion of ambrosia {unknown}
 g - a potion of might {unknown}
 k - a potion of resistance {unknown}
 n - a potion of berserk rage {unknown}


   Skills:
 + Level 2.7 Dodging
 * Level 4.6 Stealth
 + Level 2.4 Spellcasting
 + Level 4.7 Necromancy


You had 4 spell levels left.
You knew the following spells:

 Your Spells              Type           Power        Failure   Level  Hunger
a - Pain                  Necr           ###.         3%          1    N/A
b - Animate Skeleton      Necr           N/A          3%          1    N/A

Your spell library contained the following spells:

 Spells                   Type           Power        Failure   Level  Hunger
 Vampiric Draining        Necr           ###.......   10%         3    N/A
 Animate Dead             Necr           N/A          30%         4    N/A
 Agony                    Necr           ###.....     65%         5    N/A

Dungeon Overview and Level Annotations

Branches:
Dungeon (2/15)

Altars:

Annotations:
D:2 Sigmund


Innate Abilities, Weirdness & Mutations

You do not eat.
You do not regenerate when monsters are visible.
You are frail without blood (-20% HP).
You can heal yourself when you bite living creatures.
You are immune to poison.
You have razor-sharp teeth.
You have supernaturally acute eyesight. (SInv)
You can survive without breathing.
[You are frail. (-10% HP)]


Message History

Sigmund gestures at you while chanting. The magic dart hits you.
What are your orders? t - Shout!
Orders for allies: a - Attack new target. p - Attack previous target. r - Retreat! s - Stop attacking. g - Guard the area. f - Follow me.
Anything else - Cancel.
Okay, then.
Sigmund casts a spell at you.
You are confused.
Sigmund barely misses you. Sigmund barely misses you.
You're too confused to move!
Sigmund hits you but does no damage.
You feel less confused.
Sigmund casts a spell.
Sigmund flickers and vanishes for a moment.
Sigmund gestures at you while chanting. The puff of flame hits you!
You die...

####.######.....#####.......##
#.# #.....# #(.....##.. #..
#.....# #.##....... #.....#
#.###..##.. #.....#
#.#........ #######
#.......... #..÷..####.
###########....## #.
#...@.........## #.
#.####...@....## ##%
#....#....###..####.)
.........## #.†.##...
........## ##........
....###.. #......... ...#
#...#....#.#.#. #..
#........#.#... #
..............#


You could see Sigmund (invisible).

Vanquished Creatures
  An adder (D:2)
  An ooze (D:1)
  2 dart slugs (D:1)
  A worm (D:2)
  2 leopard geckos (D:1)
  6 bats
  2 hobgoblins
  3 frilled lizards
  5 goblins
  5 kobolds
  7 rats
35 creatures vanquished.

Notes
Turn   | Place    | Note
-------+----------+-------------------------------------------
     0 | D:1      | DoubleLucky the Vampire Necromancer began the quest for the
                  | Orb.
     0 | D:1      | Reached XP level 1. HP: 13/13 MP: 3/3
   318 | D:1      | Reached XP level 2. HP: 13/15 MP: 3/5
   614 | D:1      | Learned a level 1 spell: Animate Skeleton
   924 | D:1      | Reached XP level 3. HP: 19/19 MP: 2/6
  1927 | D:2      | Noticed Sigmund
  1984 | D:2      | Killed from afar by Sigmund

Illustrated notes

Levels and vault maps discovered:
D:1:      saegor_arrival_simple_d, layout_basic
D:2:      kennysheep_the_goblin_king, layout_loops_cross,
          hangedman_decor_growths, grunt_decor_fettered, uniq_terence,
          uniq_sigmund

Skill      XL: |  1  2 |
---------------+-------+-----
Stealth        | 4 |  4.6
Dodging        | |  2.7
Spellcasting   | |  2.4
Necromancy     | |  4.7

Action                   || total
-------------------------++-------
Melee: Dagger            ||    36
       Bite              ||     1
 Cast: Pain              ||    56
 Abil: Exsanguinate      ||     2
       End Transformatio ||     1
       Bat Form          ||     1
       Revivify          ||     1
 Stab: Sleeping          ||     7
Armor: Robe              ||    13
Dodge: Dodged            ||    58
